 Dungeon Crawl Stone Soup version 0.25.0-46-gbd7b0854d2 (console) character file.

Game seed: 5261031324798276844

267 Colgate the Magician (level 6, -5/28 HPs)
             Began as a Spriggan Venom Mage on July 13, 2020.
             Was an Initiate of Vehumet.
             Killed by nerve-wracking pain
             ... invoked by Menkaure
              (9 damage)
             ... on level 5 of the Dungeon.
             The game lasted 00:53:26 (3972 turns).

Colgate the Magician (Spriggan Venom Mage)          Turns: 3972, Time: 00:53:27

Health: -5/28      AC:  2    Str:  4    XL:     6   Next: 0%
Magic:  14/14      EV: 18    Int: 18    God:    Vehumet [......]
Gold:   135        SH:  0    Dex: 17    Spells: 8/14 levels left

rFire    . . .     SeeInvis +   y - +0 trident (venom)
rCold    . . .     Gourm    .   (shield currently unavailable)
rNeg     . . .     Faith    +   a - +0 robe
rPois    .         Spirit   .   (helmet restricted)
rElec    .         Reflect  .   (no cloak)
rCorr    .         Harm     .   (gloves unavailable)
MR       +....                  (boots unavailable)
Stlth    ++........             D - amulet of faith
HPRegen  0.09/turn              (no ring)
MPRegen  0.14/turn              (no ring)

@: very quick
A: very small, unfitting armour, see invisible, herbivore, speed 3, slow
metabolism 2
a: Renounce Religion


You were on level 5 of the Dungeon.
You worshipped Vehumet.
Vehumet was noncommittal.
You were hungry.

You visited 2 branches of the dungeon, and saw 8 of its levels.

You collected 148 gold pieces.
You donated 13 gold pieces to Zin.

Inventory:

Hand Weapons
 f - a +0 club
 l - a +0 short sword
 p - a +0 mace
 x - a +0 hand crossbow
 y - a +0 trident of venom (weapon)
 A - a +0 dagger
Missiles
 d - a throwing net (quivered)
 i - 71 arrows
 m - 104 stones
 B - 21 poisoned darts
Armour
 a - a +0 robe (worn)
 v - a +2 buckler
Jewellery
 D - an amulet of faith (around neck)
Wands
 s - a wand of acid (11)
Scrolls
 b - 2 scrolls of blinking {unknown}
 h - 3 scrolls of fear {unknown}
 k - a scroll of fog {unknown}
 o - a scroll of amnesia {unknown}
 r - 4 scrolls of remove curse {unknown}
 t - a scroll of identify {unknown}
 w - a scroll of magic mapping {unknown}
 z - a scroll of immolation {unknown}
 E - a scroll of enchant weapon {unknown}
 G - a scroll of noise {unknown}
Potions
 e - a potion of lignification {unknown}
 g - a potion of degeneration {unknown}
 j - 2 potions of flight {unknown}
 n - a potion of heal wounds {unknown}
 q - a potion of haste {unknown}
 u - a potion of brilliance {unknown}
 C - a potion of stabbing {unknown}
 F - a potion of cancellation {unknown}
Comestibles
 c - 7 rations


   Skills:
 - Level 1.5 Polearms
 - Level 3.0 Dodging
 - Level 3.0 Stealth
 - Level 4.6 Spellcasting
 + Level 4.0 Transmutations
 - Level 4.4 Poison Magic


You had 8 spell levels left.
You knew the following spells:

 Your Spells              Type           Power        Failure   Level  Hunger
a - Sting                 Tmut/Pois      ###.         2%          1    None
b - Poisonous Vapours     Pois/Air       ##....       9%          2    #......
c - Ignite Poison         Fire/Tmut/Pois ##......     13%         3    ###....

Your spell library contained the following spells:

 Spells                   Type           Power        Failure   Level  Hunger
 Mephitic Cloud           Conj/Pois/Air  #.......     22%         3    ###....
 Olgreb's Toxic Radiance  Pois           ###.....     22%         4    ####...


Dungeon Overview and Level Annotations

Branches:
Dungeon (7/15)             Temple (1/1) D:7

Altars:
Cheibriados
Elyvilon
Fedhas
Gozag
Kikubaaqudgha
Makhleb
Nemelex Xobeh
Okawaru
Qazlal
Ru
Sif Muna
Trog
Vehumet
Xom
Yredelemnul
Zin

Shops:
D:6 [%

Annotations:
D:5 Menkaure


Innate Abilities, Weirdness & Mutations

You are very small and have problems with some larger weapons.
You are too small for most types of armour.
You have supernaturally acute eyesight. (SInv)
You are a herbivore.
You cover ground extremely quickly.
You need to consume almost no food.


Message History

Your body is wracked with pain!
* * * LOW HITPOINT WARNING * * *
Menkaure struggles against the net.
You puncture Menkaure!
Menkaure is heavily damaged.
Menkaure struggles against the net.
You catch the helpless Menkaure completely off-guard!
You hit Menkaure.
Menkaure is severely damaged.
Menkaure struggles against the net.
You hit Menkaure but do no damage.
Menkaure is severely damaged.
Menkaure struggles against the net.
The net rips apart, and Menkaure comes free!
Menkaure hits you.
* * * LOW HITPOINT WARNING * * *
You are too injured to fight recklessly!
Menkaure points at you and mumbles some strange words.
Pain shoots through your body!
You die...

#..# #..#
#...###..# #......#
#.....## #...(.#
##....## #.....#
###....M## .
.........## ...
....###...####....#
..## ###@.>.......
. ###........
#########


You could see Menkaure (fast).

Vanquished Creatures
  2 bullfrogs (D:6)
  Jessica (D:2)
  Terence (D:2)
  4 worms
  4 dart slugs
  2 leopard geckos (D:2)
  3 orcs (D:3)
  5 giant cockroaches
  4 goblins
  7 hobgoblins
  2 jackals (D:2)
  A quokka (D:3)
  A ball python (D:3)
  8 bats
  10 frilled lizards
  5 kobolds
  A quokka zombie (D:6)
  5 rats
66 creatures vanquished.

Notes
Turn   | Place    | Note
-------+----------+-------------------------------------------
     0 | D:1      | Colgate the Spriggan Venom Mage began the quest for the
                  | Orb.
     0 | D:1      | Reached XP level 1. HP: 9/9 MP: 5/5
   562 | D:1      | Reached XP level 2. HP: 13/13 MP: 3/6
   796 | D:2      | Noticed Jessica
   823 | D:2      | Killed Jessica
   823 | D:2      | Reached XP level 3. HP: 16/16 MP: 5/8
   827 | D:2      | Learned a level 2 spell: Poisonous Vapours
  1885 | D:2      | Noticed Terence
  1905 | D:2      | Killed Terence
  1905 | D:2      | Reached XP level 4. HP: 21/21 MP: 3/9
  2505 | D:2      | Learned a level 3 spell: Ignite Poison
  3160 | D:3      | Found a faded altar of an unknown god.
  3168 | D:3      | Became a worshipper of Zin the Law-Giver
  3168 | D:3      | Reached * piety under Zin
  3206 | D:3      | Reached ** piety under Zin
  3303 | D:3      | Found a shimmering blue altar of Sif Muna.
  3528 | D:4      | You fall into a shaft and drop 3 floors!
  3528 | D:7      | Found a staircase to the Ecumenical Temple.
  3534 | Temple   | Entered the Ecumenical Temple
  3611 | Temple   | Fell from the grace of Zin
  3611 | Temple   | Became a worshipper of Vehumet
  3646 | D:6      | Noticed a bullfrog
  3715 | D:6      | Killed a bullfrog
  3715 | D:6      | Reached XP level 5. HP: 21/24 MP: 10/13
  3886 | D:6      | Reached skill level 1 in Polearms
  3886 | D:6      | Reached XP level 6. HP: 28/28 MP: 14/14
  3921 | D:6      | Found Zakoto's Food Shoppe.
  3934 | D:6      | Found Viuhiudiec's Antique Armour Emporium.
  3940 | D:5      | Entered Level 5 of the Dungeon
  3949 | D:5      | Noticed Menkaure
  3972 | D:5      | Killed from afar by Menkaure

Illustrated notes

Levels and vault maps discovered:
D:1:      minmay_arrival_five_plusses, layout_basic
D:2:      layout_basic, first_ration, minmay_lizard_king, uniq_jessica,
          uniq_terence
D:3:      layout_rooms, chequers_ecumenical_altar_simple, grunt_decor_cap,
          lemuel_blue_sif_altar
D:4:      layout_loops_ring, chequers_jeans, minmay_bent
D:5:      layout_layer_cave, evilmike_ruin_ashenzari, lemuel_doored_altar,
          uniq_menkaure
D:6:      layout_rooms, serial_shops, shop_statue,
          nicolae_shop_competitors_out_of_business, nicolae_shop_statue_plus,
          shop
D:7:      layout_loops_ring, minmay_temple_entry_statues, basic_altar,
          kennysheep_cross_bottleneck
Temple:   regret_index_temple_chain_breaker

Skill      XL: |  1  2  3  4  5 |
---------------+----------------+-----
Poison Magic   | 4 |  4.4
Spellcasting   | 3 4 |  4.6
Transmutations | 3 4 |  4.0
Polearms       | 1 |  1.5
Dodging        | |  3.0
Stealth        | |  3.0

Action                   |  1- 3 |  4- 6 || total
-------------------------+-------+-------++-------
Melee: Mace              |     9 |       ||     9
       Club              |     7 |       ||     7
       Short sword       |     1 |       ||     1
       Trident           |       |    46 ||    46
       Dagger            |       |     1 ||     1
Throw: Stone             |     7 |    16 ||    23
       Throwing net      |       |     1 ||     1
 Cast: Sting             |    38 |    40 ||    78
       Poisonous Vapours |     6 |     1 ||     7
 Stab: Sleeping          |     1 |     7 ||     8
       Held in net/web   |       |     1 ||     1
Armor: Robe              |     1 |     2 ||     3
Dodge: Dodged            |    16 |    45 ||    61
